 Dungeon Crawl Stone Soup version 0.31.0 (webtiles) character file.

Game seed: 12622071418919717860

142 gelatine the Trooper (level 5, -2/41 HPs)
             Began as a Demonspawn Fighter on Jan 19, 2024.
             Slain by Pargi (6 damage)
             ... on level 3 of the Dungeon.
             The game lasted 00:04:37 (2171 turns).

gelatine the Trooper (Demonspawn Fighter)           Turns: 2171, Time: 00:04:37

Health: -2/41      AC:  9    Str: 18    XL:     5   Next: 3%
Magic:  5/5        EV:  9    Int:  8    God:
Gold:   57         SH:  5    Dex: 15    Spells: 4/4 levels left

rFire   + . .        a - +0 war axe
rCold   . . .        c - +0 buckler
rNeg    . . .        b - +0 scale mail
rPois   .            r - +0 helmet
rElec   .            (no cloak)
rCorr   .            (no gloves)
SInv    +            e - +0 pair of boots
Will    .....        (no amulet)
Stlth   +            n - ring of see invisible
HPRegen 0.26/turn    o - ring of protection from fire
MPRegen 0.09/turn

%: no passive effects
@: mighty
A: thin skeletal structure 1, powered by pain 1
a: no special abilities


You were on level 3 of the Dungeon.
You visited 1 branch of the dungeon, and saw 3 of its levels.

You collected 57 gold pieces.

Inventory:

Hand Weapons
 a - a +0 war axe (weapon)
 s - the +6 short sword "Miamisun" {vamp, rF++ rC+++ Str-5 Int-5}
   (You found it on level 3 of the Dungeon)

   Str-5:     It affects your strength (-5).
   Int-5:     It affects your intelligence (-5).
   rF++:      It greatly protects you from fire.
   rC+++:     It renders you almost immune to cold.
Missiles
 p - 2 poisoned darts
Armour
 b - a +0 scale mail (worn)
 c - a +0 buckler (worn)
 e - a +0 pair of boots (worn)
 r - a +0 helmet (worn)
Jewellery
 n - a ring of see invisible (left hand)
 o - a ring of protection from fire (right hand)
 t - a +6 ring of intelligence
Talismans
 h - a beast talisman
Scrolls
 f - 4 scrolls of identify {unknown}
 g - 2 scrolls of fog {unknown}
 i - a scroll of noise {unknown}
 k - 2 scrolls of teleportation {unknown}
 l - a scroll of torment {unknown}
 m - 2 scrolls of enchant armour {unknown}
 q - a scroll of blinking {unknown}
Potions
 u - a potion of brilliance {unknown}


   Skills:
 + Level 3.4 Fighting
 + Level 3.1 Axes
 + Level 0.4 Throwing
 + Level 3.3 Armour
 + Level 1.3 Dodging
 + Level 3.2 Shields


You had 4 spell levels left.
You didn't know any spells.
Your spell library was empty.

Dungeon Overview and Level Annotations

Branches:
Dungeon (3/15)

Altars:

Annotations:
D:3 Pargi


Innate Abilities, Weirdness & Mutations

You have a somewhat thin skeletal structure. (Dex +2, Stealth+)
You sometimes gain a little power by taking damage.


Message History

You miss Pargi.
Pargi is moderately wounded.
Pargi bites you. You block Pargi's attack. Pargi barely misses you.
You closely miss Pargi.
Pargi is moderately wounded.
Pargi barely misses you. x2; Pargi claws you.
You barely miss Pargi.
Pargi is moderately wounded.
Pargi bites you. Pargi claws you but does no damage. You block Pargi's attack.
Pargi bites you but does no damage. You block Pargi's attack.
Pargi claws you but does no damage.
You closely miss Pargi.
Pargi is lightly wounded.
Pargi closely misses you. Pargi claws you but does no damage.
Pargi barely misses you.
You hit Pargi.
Pargi is moderately wounded.
Pargi bites you.
* * * LOW HITPOINT WARNING * * *
You block Pargi's attack. x2; Pargi bites you but does no damage.
Pargi completely misses you. Pargi claws you.
* * * LOW HITPOINT WARNING * * *
You feel very mighty all of a sudden.
Pargi closely misses you. x2; Pargi claws you but does no damage.
You barely miss Pargi.
Pargi is lightly wounded.
Pargi bites you but does no damage. Pargi closely misses you. x2
You slash Pargi!
Pargi is moderately wounded.
Pargi clenches his teeth.
Pargi barely misses you. Pargi claws you.
* * * LOW HITPOINT WARNING * * *
Pargi claws you.
* * * LOW HITPOINT WARNING * * *
You slash Pargi!
Pargi is severely wounded.
Pargi bites you.
* * * LOW HITPOINT WARNING * * *
Pargi claws you but does no damage. x2; Pargi bites you.
You die...

#............#
#............#
#............####
#########.......##
#........#
#......#.##
#......#..#
#####.....##
#.@....# #.T.....#
#.....#... #.....#
## #.....# #.....#
#...... #.(.....


You could see Pargi.

Vanquished Creatures
  A bombardier beetle (D:2)
  2 gnolls (D:1)
  3 adders
  A ribbon worm (D:3)
  8 endoplasms
  3 giant cockroaches (D:1)
  5 goblins (D:1)
  3 hobgoblins
  3 jackals (D:1)
  8 kobolds
  2 quokkas
  3 ball pythons
  8 bats
  A frilled lizard (D:1)
  6 rats
57 creatures vanquished.

Notes
Turn   | Place    | Note
-------+----------+-------------------------------------------
     0 | D:1      | gelatine the Demonspawn Fighter began the quest for the
                  | Orb.
     0 | D:1      | Reached XP level 1. HP: 18/18 MP: 1/1
   253 | D:1      | Gained mutation: You sometimes gain a little power by
                  | taking damage. [demonic ancestry]
   253 | D:1      | Reached XP level 2. HP: 23/24 MP: 2/2
   419 | D:1      | Reached XP level 3. HP: 13/29 MP: 3/3
  1173 | D:2      | Found a faded altar of an unknown god.
  1177 | D:2      | Gained mutation: You have a somewhat thin skeletal
                  | structure. (Dex +2, Stealth+) [demonic ancestry]
  1177 | D:2      | Reached XP level 4. HP: 35/35 MP: 4/4
  1261 | D:2      | Reached skill level 1 in Dodging
  2043 | D:3      | Reached XP level 5. HP: 41/41 MP: 5/5
  2074 | D:3      | Identified the +6 short sword "Miamisun" {vamp, rF++ rC+++
                  | Str-5 Int-5}
  2153 | D:3      | Noticed Pargi
  2171 | D:3      | Slain by Pargi

Illustrated notes

Levels and vault maps discovered:
D:1:      dpeg_chamrin_arrival_tetris, layout_loops_corners,
          serial_bayou_crossing
D:2:      layout_rooms, serial_co_window_serial, co_window_corner_a,
          co_window_paths_b, co_window_paths_b, co_window_paths_a,
          co_window_of_opportunity_a, co_window_2corner, co_window_corner_cb,
          co_window_unsneaky_path_e, co_window_paths_c, co_window_corner_ca,
          co_window_cross_2, glass_columns_a, glass_columns_a, glass_columns_b,
          glass_columns_c, glass_columns_b, ebering_ecumenical_altar_ruins,
          basic_altar
D:3:      layout_basic, mainiacjoe_overflow_cross_hatched, uniq_pargi

Skill      XL: |  1  2  3  4 |
---------------+-------------+-----
Armour         | 3 |  3.3
Shields        | 3 |  3.2
Axes           | 2 3 |  3.1
Dodging        | 1 |  1.3
Fighting       | |  3.4
Throwing       | |  0.4

Action                     |  1- 3 |  4- 6 || total
---------------------------+-------+-------++-------
  Melee: War axe           |   106 |    52 ||   158
  Throw: Javelin           |     2 |    26 ||    28
    Use: Potion            |       |     1 ||     1
 Armour: Scale mail        |   105 |    60 ||   165
  Dodge: Dodged            |    56 |    43 ||    99
  Block: Buckler           |    25 |    23 ||    48
